 Dungeon Crawl Stone Soup version 0.24-a0-201-gf205589 (webtiles) character file.

Game seed: 6608651327298529008

4848 nikopol the Thaumaturge (level 10, -7/53 HPs)
             Began as a Deep Elf Fire Elementalist on Mar 25, 2019.
             Was a Follower of Vehumet.
             Killed by divine providence
             ... invoked by an orc priest
              (14 damage)
             ... on level 8 of the Dungeon.
             The game lasted 00:23:11 (8850 turns).

nikopol the Thaumaturge (DEFE)                      Turns: 8850, Time: 00:23:12

Health: -7/53      AC:  2    Str:  5    XL:     10   Next: 25%
Magic:  13/27      EV: 18    Int: 24    God:    Vehumet [*.....]
Gold:   0          SH:  0    Dex: 15    Spells: 17/32 levels left

rFire    + . .     SeeInvis .   H - +2 dagger (speed)
rCold    + . .     Gourm    .   (no shield)
rNeg     . . .     Faith    .   a - +0 robe
rPois    .         Spirit   .   (no helmet)
rElec    .         Reflect  .   b - scarf {rC+ rF+}
rCorr    .         Harm     .   (no gloves)
MR       +....                  (no boots)
Stlth    ++++......             (no amulet)
HPRegen  0.17/turn              k - ring of stealth
MPRegen  0.20/turn              G - +3 ring of evasion

@: no status effects
A: no striking features
a: Renounce Religion


You were on level 8 of the Dungeon.
You worshipped Vehumet.
Vehumet was aware of your devotion.
You were not hungry.

You visited 2 branches of the dungeon, and saw 9 of its levels.

Inventory:

Hand Weapons
 j - a +0 dagger of freezing
 H - a +2 dagger of speed (weapon)
Armour
 a - a +0 robe (worn)
 b - a scarf of resistance (worn)
Jewellery
 k - a ring of stealth (left hand)
 o - a +2 ring of dexterity
 w - an uncursed ring of flight
 G - a +3 ring of evasion (right hand)
Wands
 v - a wand of polymorph (10)
 F - a wand of enslavement (11)
Scrolls
 d - a scroll of teleportation {unknown}
 f - 10 scrolls of identify {unknown}
 h - 3 scrolls of immolation {unknown}
 p - a scroll of enchant weapon {unknown}
 q - 2 scrolls of fog {unknown}
 r - 2 scrolls of random uselessness {unknown}
 u - 3 scrolls of remove curse {unknown}
 x - 2 scrolls of magic mapping {unknown}
 y - a scroll of fear {unknown}
 z - 2 scrolls of enchant armour {unknown}
 B - a scroll of noise {unknown}
 C - a scroll of vulnerability {unknown}
 K - a scroll of amnesia {unknown}
Potions
 g - 12 potions of curing {unknown}
 i - 2 potions of lignification {unknown}
 l - 2 potions of mutation {unknown}
 m - 2 potions of ambrosia {unknown}
 n - a potion of flight {unknown}
 s - 3 potions of heal wounds {unknown}
 t - a potion of resistance {unknown}
 A - a potion of magic {unknown}
 D - a potion of berserk rage {unknown}
 E - 2 potions of haste {unknown}
 I - a potion of brilliance {unknown}
 J - a potion of invisibility {unknown}
Comestibles
 c - 13 rations


   Skills:
 + Level 1.6 Fighting
 + Level 5.6 Dodging
 + Level 5.2 Stealth
 + Level 11.6 Spellcasting
 + Level 8.1 Conjurations
 + Level 9.2 Fire Magic


You had 17 spell levels left.
You knew the following spells:

 Your Spells              Type           Power        Failure   Level  Hunger
a - Flame Tongue          Conj/Fire      #####        1%          1    None
b - Throw Flame           Conj/Fire      ######       1%          2    None
c - Conjure Flame         Conj/Fire      ######..     1%          3    None
d - Sticky Flame          Conj/Fire      ######..     1%          4    None
e - Fireball              Conj/Fire      ######....   3%          5    ####...

Your spell library contained the following spells:

 Spells                   Type           Power        Failure   Level  Hunger
 Freeze                   Ice            ##..         4%          1    None
 Inner Flame              Hex/Fire       #####...     1%          3    None


Dungeon Overview and Level Annotations

Branches:
Dungeon (8/15)             Temple (1/1) D:6
   Lair: D:8-11

Altars:
Ashenzari
Cheibriados
Dithmenos
Elyvilon
Fedhas
Gozag
Hepliaklqana
Makhleb
Qazlal
Sif Muna
Trog
Uskayaw
Vehumet
Wu Jian
Xom
Yredelemnul
Zin
The Shining One

Shops:
D:6 *

Annotations:
D:8 Gastronok


Message History

The orc priest calls down the wrath of Beogh upon you.
Beogh smites you!
* * * LOW HITPOINT WARNING * * *
An orc comes into view. It is wielding a +0 whip.
The orc shouts!
Casting: Flame Tongue (safe; 1% risk of failure)
Confirm with . or Enter, or press ? or * to list all spells.
Aiming: Conjure Flame (safe; 1% risk of failure)
Press: ? - help, Dir - move target cursor, p - orc priest The fire ignites!
Casting: Conjure Flame (safe; 1% risk of failure)
Confirm with . or Enter, or press ? or * to list all spells.
Aiming: Flame Tongue (safe; 1% risk of failure)
Press: ? - help, Shift-Dir - straight line, f - orc priest
Aim: an orc priest, wielding a +4 flail (severely wounded)
The flame tongue hits the orc.
The orc is severely wounded.
The orc priest calls down the wrath of Beogh upon you.
Beogh smites you!
You die...

......... ... .........
###. #..# #. #..# #.
#..## #. #...# #..######
#...# .# ....oo§.#
##...# #.# #@# #....#
#.. #.# #.#..###.# #.#
#.#...##.#
#.###.#...##.##
#.##..##..##..#
#....###......##
.########.#..###.###...#
..(.....#........# #...#
#######.#....##### #...#


You could see an orc warrior and an orc priest.

Vanquished Creatures
  2 two-headed ogres
  Pikel (D:7)
  Maurice (D:8)
  Grinder (D:5)
  A wraith (D:7)
  A yak (D:7)
  An orc warrior (D:6)
  2 black bears
  A phantom (D:5)
  An ogre (D:4)
  3 centaurs (D:7)
  3 big kobolds
  5 bullfrogs
  3 scorpions
  A hound (D:7)
  2 jellies
  3 centaur skeletons
  2 orc priests (D:5)
  Jessica (D:3)
  Terence (D:3)
  3 iguanas (D:5)
  6 orc wizards
  5 worker ants
  2 hound zombies
  A hound skeleton (D:4)
  A worker ant zombie (D:5)
  Robin (D:3)
  5 gnolls
  7 adders
  3 oozes
  An adder skeleton (D:4)
  An adder zombie (D:7)
  2 worms
  2 dart slugs (D:1)
  3 leopard geckos
  33 orcs
  5 bats
  7 giant cockroaches
  14 goblins
  6 hobgoblins
  10 jackals
  2 quokkas (D:3)
  2 ball pythons (D:2)
  2 frilled lizards
  18 kobolds
  A leopard gecko zombie (D:4)
  2 quokka skeletons
  A quokka zombie (D:7)
  7 rats
189 creatures vanquished.

Vanquished Creatures (others)
  A leopard gecko (D:7)
1 creature vanquished.

Grand Total: 190 creatures vanquished

Notes
Turn   | Place    | Note
-------+----------+-------------------------------------------
     0 | D:1      | nikopol the Deep Elf Fire Elementalist began the quest for
                  | the Orb.
     0 | D:1      | Reached XP level 1. HP: 10/10 MP: 6/6
   259 | D:1      | Reached XP level 2. HP: 11/15 MP: 5/8
   627 | D:1      | Reached XP level 3. HP: 19/19 MP: 6/10
   631 | D:1      | Learned a level 2 spell: Throw Flame
   635 | D:1      | Learned a level 3 spell: Conjure Flame
  1179 | D:2      | Reached skill level 4 in Spellcasting
  1410 | D:2      | Reached XP level 4. HP: 24/24 MP: 8/12
  1527 | D:2      | Learned a level 4 spell: Sticky Flame
  1821 | D:3      | Noticed Jessica
  1828 | D:3      | Killed Jessica
  2015 | D:3      | Noticed Terence
  2027 | D:3      | Killed Terence
  2027 | D:3      | Reached XP level 5. HP: 28/28 MP: 1/14
  2306 | D:3      | Noticed Robin
  2510 | D:3      | Reached skill level 5 in Spellcasting
  2551 | D:3      | Killed Robin
  2747 | D:3      | Found a blossoming altar of Fedhas.
  2936 | D:4      | Found a basalt altar of Yredelemnul.
  2983 | D:4      | Found a white marble altar of Elyvilon.
  3006 | D:4      | Reached skill level 5 in Fire Magic
  3102 | D:4      | Reached XP level 6. HP: 29/32 MP: 10/16
  3249 | D:4      | Reached skill level 6 in Spellcasting
  3387 | D:4      | Learned a level 5 spell: Fireball
  3449 | D:4      | Reached XP level 7. HP: 37/37 MP: 14/18
  3795 | D:5      | Entered Level 5 of the Dungeon
  3927 | D:5      | Noticed Grinder
  3938 | D:5      | Killed Grinder
  3938 | D:5      | Reached skill level 7 in Spellcasting
  4424 | D:5      | Found a hide-covered altar of Uskayaw.
  4480 | D:5      | Reached skill level 8 in Spellcasting
  4480 | D:5      | Reached XP level 8. HP: 42/42 MP: 15/22
  4603 | D:5      | Found a hazy altar of Hepliaklqana.
  5308 | D:5      | Reached skill level 5 in Conjurations
  5698 | D:6      | Found a deep blue altar of Sif Muna.
  5897 | D:6      | Found Epri Bugge's Lightly-Used Armoury.
  6005 | D:6      | Found a burning altar of Makhleb.
  6057 | D:6      | Got a crude chain mail
  6103 | D:6      | Reached skill level 9 in Spellcasting
  6246 | D:6      | Identified the +0 chain mail of Honesty {rElec Str+4 Int-3
                  | Dex+2} (You found it on level 6 of the Dungeon)
  6751 | D:6      | Found a staircase to the Ecumenical Temple.
  6767 | Temple   | Entered the Ecumenical Temple
  6822 | Temple   | Became a worshipper of Vehumet
  6888 | D:7      | Noticed a two-headed ogre
  7087 | D:7      | Killed a two-headed ogre
  7087 | D:7      | Reached skill level 10 in Spellcasting
  7087 | D:7      | Reached XP level 9. HP: 22/46 MP: 8/25
  7388 | D:7      | Reached skill level 5 in Stealth
  7700 | D:7      | Reached skill level 1 in Fighting
  7930 | D:7      | Found an opulent altar of Gozag.
  7957 | D:7      | Noticed Pikel
  7965 | D:7      | Killed Pikel
  7965 | D:7      | Reached skill level 5 in Dodging
  7965 | D:7      | Reached skill level 11 in Spellcasting
  8467 | D:8      | Noticed a two-headed ogre
  8482 | D:8      | Killed a two-headed ogre
  8482 | D:8      | Reached XP level 10. HP: 48/52 MP: 14/27
  8579 | D:8      | Noticed Gastronok
  8594 | D:8      | Reached * piety under Vehumet
  8594 | D:8      | Offered knowledge of Freeze by Vehumet.
  8831 | D:8      | Noticed Maurice
  8844 | D:8      | Killed Maurice
  8850 | D:8      | Killed from afar by an orc priest

Levels and vault maps discovered:
D:1:      eino_arrival_tree_alley, layout_loops_ring, serial_bayou_pond_c,
          minmay_pentomino_t4
D:2:      layout_basic
D:3:      layout_loops_ring, fedhas_altar_fruit_tree,
          kennysheep_generic_room_12, uniq_jessica, uniq_robin, uniq_terence
D:4:      layout_loops_ring, marbit_many_paths, elyvilon_altar_5
D:5:      layout_basic, kennysheep_little_box, lemuel_crystal_altar,
          first_ration, hangedman_minor_gate_pass, uniq_grinder
D:6:      layout_basic, lemuel_crystal_altar, lemuel_crystal_altar,
          minmay_temple_entry_overgrown, minmay_shop_damaged
D:7:      layout_loops_corners, lemuel_round_altar, minmay_shattered_shrine,
          uniq_pikel
D:8:      layout_rooms, old_standard_altar, minivault_27, uniq_gastronok,
          uniq_maurice
Temple:   zaba_magenta_temple

Skill      XL: |  1  2  3  4  5  6  7  8  9 10 |
---------------+-------------------------------+-----
Fire Magic     | 4 5 6 8 9 |  9.2
Spellcasting   | 4 5 6 8 10 11 | 11.6
Conjurations   | 2 3 4 6 7 8 |  8.1
Dodging        | 3 4 5 |  5.6
Stealth        | 3 4 5 |  5.2
Fighting       | 1 |  1.6

Action                   |  1- 3 |  4- 6 |  7- 9 | 10-12 || total
-------------------------+-------+-------+-------+-------++-------
Melee: Dagger            |       |       |    26 |       ||    26
 Cast: Flame Tongue      |    70 |   121 |   195 |    14 ||   400
       Conjure Flame     |       |     1 |     2 |     1 ||     4
       Throw Flame       |       |     2 |     8 |       ||    10
       Sticky Flame      |       |     5 |    36 |     2 ||    43
       Fireball          |       |       |       |     4 ||     4
  Eat: Chunk             |     1 |     7 |    13 |       ||    21
       Ration            |       |       |     1 |     1 ||     2
Armor: Robe              |     7 |     4 |     5 |     6 ||    22
Dodge: Dodged            |    17 |    32 |   115 |    18 ||   182

Table legend:
 A = Non-vault XP
 B = Vault XP
 C = Vault XP percentage of total XP
 D = Non-vault monster count
 E = Vault monster count
 F = Vault count percentage of total count
                 A         B        C        D         E       F
            +---------+---------+-------+---------+---------+-------
      Total |    4565 |    2362 |  34.1 |     157 |      32 |  16.9
            +---------+---------+-------+---------+---------+-------
        D:1 |      48 |       4 |   7.7 |      23 |       2 |   8.0
        D:2 |      59 |       0 |   0.0 |      16 |       0 |   0.0
        D:3 |      63 |     110 |  63.6 |      25 |      14 |  35.9
        D:4 |     539 |       2 |   0.4 |      23 |       1 |   4.2
        D:5 |     584 |     399 |  40.6 |      24 |       3 |  11.1
        D:6 |     721 |       0 |   0.0 |      23 |       0 |   0.0
        D:7 |    1460 |    1362 |  48.3 |      13 |      11 |  45.8
        D:8 |    1091 |     485 |  30.8 |      10 |       1 |   9.1
            +---------+---------+-------+---------+---------+-------
